PAAA
JERSEY CITY TRITONS @ BATON ROUGE BRASS
08/03/2042
 
TOP OF THE 1ST
Jersey City Tritons batting - Pitching for Baton Rouge Brass : RHP José Rodríguez
Pitching: RHP José Rodríguez
Batting: LHB Justice Bigbie 0-0: Ball
1-0: Ball
2-0: Ball
3-0: Base on Balls
Batting: RHB Santiago Valentín 0-0: Called Strike
0-1: Ball
1-1: Ball
2-1: Fly out, F7 (Flyball, 7, EV 83.1 MPH)
Batting: LHB DeMarvion Overshown 0-0: Ball
1-0: Swinging Strike
1-1: Ball
Justice Bigbie steals 2nd base
2-1: Ball
3-1: Fly out, F2 (Popup, 2LF, EV 92.5 MPH)
Batting: RHB Xiao-yong Huang 0-0: Ground out 6-3 (Groundball, 6M, EV 99.4 MPH)
Top of the 1st over - 0 runs, 0 hits, 0 errors, 1 left on base; Jersey City 0 - Baton Rouge 0
BOTTOM OF THE 1ST
Baton Rouge Brass batting - Pitching for Jersey City Tritons : RHP Sean Jones
Pitching: RHP Sean Jones
Batting: RHB Hal Phillips 0-0: Ball
1-0: Ground out 5-3 (Groundball, 56, EV 99.4 MPH)
Batting: RHB Nick Boyd 0-0: Ball
1-0: Ball
2-0: Called Strike
2-1: Called Strike
2-2: Ball
3-2: Fly out, F9 (Flyball, 9LD, EV 90.0 MPH)
Batting: LHB Dave Summers 0-0: Swinging Strike
0-1: Ball
1-1: Foul Ball, location: 2F
1-2: Ball
2-2: Fly out, F8 (Line Drive, 8LM, EV 91.9 MPH)
Bottom of the 1st over - 0 runs, 0 hits, 0 errors, 0 left on base; Jersey City 0 - Baton Rouge 0
TOP OF THE 2ND
Jersey City Tritons batting - Pitching for Baton Rouge Brass : RHP José Rodríguez
Batting: LHB Kevin Hancock 0-0: Ball
1-0: Foul Ball, location: 2F
1-1: Foul Ball, location: 2F
1-2: Ball
2-2: Fly out, F8 (Line Drive, 8LD, EV 88.8 MPH)
Batting: RHB John Juanda 0-0: Ball
1-0: Ball
2-0: Foul Ball, location: 2F
2-1: Ground out 6-3 (Groundball, 6, EV 81.2 MPH)
Batting: LHB Jim Henson 0-0: Ball
1-0: Ground out 5-3 (Groundball, 5, EV 78.8 MPH)
Top of the 2nd over - 0 runs, 0 hits, 0 errors, 0 left on base; Jersey City 0 - Baton Rouge 0
BOTTOM OF THE 2ND
Baton Rouge Brass batting - Pitching for Jersey City Tritons : RHP Sean Jones
Batting: LHB Weston Doyle 0-0: Called Strike
0-1: Ball
1-1: Reached on error, E8 (Flyball, 8LD, EV 93.1 MPH)
Batting: RHB Jamy Geertsen 0-0: Called Strike
0-1: Ball
1-1: Ball
2-1: Ball
3-1: Foul Ball, location: 2F
3-2: Fly out, F9 (Flyball, 89S, EV 83.8 MPH)
Batting: LHB Augusto Reyes 0-0: Swinging Strike
0-1: Ball
1-1: Ball
2-1: Fly out, F7 (Flyball, 78M, EV 88.1 MPH)
Batting: SHB Vicente Romero 0-0: Ball
1-0: Called Strike
1-1: Ball
2-1: Swinging Strike
2-2: Ground out 4-3 (Groundball, 4, EV 100.6 MPH)
Bottom of the 2nd over - 0 runs, 0 hits, 1 error, 1 left on base; Jersey City 0 - Baton Rouge 0
TOP OF THE 3RD
Jersey City Tritons batting - Pitching for Baton Rouge Brass : RHP José Rodríguez
Batting: RHB Víctor Bojórquez 0-0: Ball
1-0: Ball
2-0: Foul Ball, location: 2F
2-1: Ground out 4-3 (Groundball, 34, EV 98.8 MPH)
Batting: RHB Ricardo Quintanilla 0-0: SINGLE (Groundball, 6D, EV 106.2 MPH)
Batting: LHB Justice Bigbie 0-0: Ball
1-0: Called Strike
1-1: Ball
2-1: Fly out, F8 (Flyball, 8LS, EV 88.1 MPH)
Batting: RHB Santiago Valentín 0-0: Foul Ball, location: 2F
0-1: Called Strike
0-2: Strikes out swinging
Top of the 3rd over - 0 runs, 1 hit, 0 errors, 1 left on base; Jersey City 0 - Baton Rouge 0
BOTTOM OF THE 3RD
Baton Rouge Brass batting - Pitching for Jersey City Tritons : RHP Sean Jones
Batting: RHB Travis Murphy 0-0: Foul Ball, location: 2F
0-1: Ball
1-1: Fly out, F7 (Flyball, 7S, EV 91.2 MPH)
Batting: RHB Wren Driscoll 0-0: Ball
1-0: DOUBLE (Line Drive, 9LM, EV 88.8 MPH)
Batting: RHB Hal Phillips 0-0: Called Strike
0-1: Ground out 6-3 (Groundball, 6, EV 104.4 MPH)
Batting: RHB Nick Boyd 0-0: Ball
1-0: Ball
2-0: Ground out 2-3 (Groundball, 13S, EV 69.4 MPH)
Bottom of the 3rd over - 0 runs, 1 hit, 0 errors, 1 left on base; Jersey City 0 - Baton Rouge 0
TOP OF THE 4TH
Jersey City Tritons batting - Pitching for Baton Rouge Brass : RHP José Rodríguez
Batting: LHB DeMarvion Overshown 0-0: SINGLE (Groundball, 56D, EV 94.4 MPH)
Batting: RHB Xiao-yong Huang 0-0: Ball
1-0: Fielders Choice at 2nd, 5-4 (Groundball, 5, EV 90.6 MPH)
Batting: LHB Kevin Hancock 0-0: Fly out, F9 (Flyball, 9, EV 69.4 MPH)
Batting: RHB John Juanda 0-0: Called Strike
0-1: Ball
1-1: Ball
2-1: Ball
3-1: Base on Balls
Xiao-yong Huang to second
Batting: LHB Jim Henson 0-0: Ball
1-0: Swinging Strike
1-1: Called Strike
1-2: Ball
2-2: Ball
3-2: Base on Balls
Xiao-yong Huang to third
John Juanda to second
Batting: RHB Víctor Bojórquez 0-0: Called Strike
0-1: Ball
1-1: Swinging Strike
1-2: Fly out, F8 (Flyball, 8RXD, EV 88.1 MPH)
Top of the 4th over - 0 runs, 1 hit, 0 errors, 3 left on base; Jersey City 0 - Baton Rouge 0
BOTTOM OF THE 4TH
Baton Rouge Brass batting - Pitching for Jersey City Tritons : RHP Sean Jones
Batting: LHB Dave Summers 0-0: Called Strike
0-1: Swinging Strike
0-2: Fly out, F4 (Popup, 4, EV 59.4 MPH)
Batting: LHB Weston Doyle 0-0: Ball
1-0: Ground out 4-3 (Groundball, 4, EV 81.9 MPH)
Batting: RHB Jamy Geertsen 0-0: Ball
1-0: Foul Ball, location: 2F
1-1: Called Strike
1-2: SINGLE (Flyball, 89S, EV 93.8 MPH)
Batting: LHB Augusto Reyes 0-0: Ball
1-0: Called Strike
1-1: Foul Ball, location: 2F
1-2: Ball
2-2: Ball
3-2: Fly out, F9 (Flyball, 9LD, EV 100.6 MPH)
Bottom of the 4th over - 0 runs, 1 hit, 0 errors, 1 left on base; Jersey City 0 - Baton Rouge 0
TOP OF THE 5TH
Jersey City Tritons batting - Pitching for Baton Rouge Brass : RHP José Rodríguez
Batting: RHB Ricardo Quintanilla 0-0: Foul Ball, location: 2F
0-1: Ball
1-1: Foul Ball, location: 2F
1-2: Fly out, F7 (Flyball, 78D, EV 85.6 MPH)
Batting: LHB Justice Bigbie 0-0: Ball
1-0: Foul Ball, location: 2F
1-1: Ball
2-1: Ball
3-1: Fly out, F3 (Line Drive, 3, EV 66.2 MPH)
Batting: RHB Santiago Valentín 0-0: Fly out, F7 (Flyball, 7S, EV 83.8 MPH)
Top of the 5th over - 0 runs, 0 hits, 0 errors, 0 left on base; Jersey City 0 - Baton Rouge 0
BOTTOM OF THE 5TH
Baton Rouge Brass batting - Pitching for Jersey City Tritons : RHP Sean Jones
Batting: SHB Vicente Romero 0-0: DOUBLE (Line Drive, 7LS, EV 105.0 MPH)
Batting: RHB Travis Murphy 0-0: Ground out 6-3 (Groundball, 6, EV 82.5 MPH)
Vicente Romero to third
Batting: RHB Wren Driscoll 0-0: SINGLE (Groundball, 6, EV 93.8 MPH) (infield hit)
Vicente Romero scores
Batting: RHB Hal Phillips 0-0: Called Strike
0-1: Swinging Strike
0-2: Ball
1-2: SINGLE (Line Drive, 9S, EV 97.5 MPH)
Wren Driscoll to second
Runner from 2nd tries for 3rd, SAFE, no throw by RF
Batting: RHB Nick Boyd 0-0: Called Strike
0-1: Called Strike
0-2: Ball
1-2: Ball
Wild Pitch!
Wren Driscoll scores
Hal Phillips to second
2-2: Ball
3-2: Ground out 6-3 (Groundball, 6, EV 81.2 MPH)
Batting: LHB Dave Summers 0-0: Foul Ball, location: 2F
0-1: Ball
1-1: Foul Ball, location: 2F
1-2: Ball
2-2: Foul Ball, location: 2F
2-2: Ball
3-2: Foul Ball, location: 2F
3-2: Foul Ball, location: 2F
3-2: Single, Error in OF, E7, batter to second base (Line Drive, 56D, EV 107.5 MPH)
Hal Phillips scores
Batting: LHB Weston Doyle 0-0: Ball
1-0: Fly out, F5 (Popup, 5SF, EV 80.0 MPH)
Bottom of the 5th over - 3 runs, 4 hits, 1 error, 1 left on base; Jersey City 0 - Baton Rouge 3
TOP OF THE 6TH
Jersey City Tritons batting - Pitching for Baton Rouge Brass : RHP José Rodríguez
Batting: LHB DeMarvion Overshown 0-0: Called Strike
0-1: Ball
1-1: Foul Ball, location: 2F
1-2: Ball
2-2: DOUBLE (Line Drive, 7LM, EV 113.1 MPH)
Batting: RHB Xiao-yong Huang 0-0: Called Strike
0-1: Ball
1-1: Called Strike
1-2: SINGLE (Groundball, 5, EV 110.0 MPH) (infield hit)
DeMarvion Overshown to third
Batting: LHB Kevin Hancock 0-0: Ball
1-0: Swinging Strike
1-1: DOUBLE (Line Drive, 78XD, EV 105.6 MPH)
DeMarvion Overshown scores
Xiao-yong Huang to third
Batting: RHB John Juanda 0-0: Called Strike
0-1: Called Strike
0-2: Ground out 6-3 (Groundball, 56, EV 83.8 MPH)
Xiao-yong Huang scores
Batting: LHB Jim Henson 0-0: Ball
1-0: SINGLE (Groundball, 6MD, EV 105.6 MPH)
Kevin Hancock to third
Runner from 3rd tries for Home, SAFE, throw by CF to home
Jim Henson to second
Batting: RHB Víctor Bojórquez 0-0: Ball
1-0: Foul Ball, location: 2F
1-1: Fly out, F7 (Flyball, 7D, EV 88.1 MPH)
Runner from 2nd tags up, SAFE at 3rd, no throw by LF
Batting: RHB Ricardo Quintanilla 0-0: Called Strike
0-1: Swinging Strike
0-2: Strikes out swinging
Top of the 6th over - 3 runs, 4 hits, 0 errors, 1 left on base; Jersey City 3 - Baton Rouge 3
BOTTOM OF THE 6TH
Baton Rouge Brass batting - Pitching for Jersey City Tritons : RHP Sean Jones
Batting: RHB Jamy Geertsen 0-0: Foul Ball, location: 2F
0-1: Foul Ball, location: 2F
0-2: Foul Ball, location: 2F
0-2: Foul Ball, location: 2F
0-2: Ball
1-2: Strikes out swinging
Batting: LHB Augusto Reyes 0-0: SINGLE (Flyball, 7LS, EV 97.5 MPH)
Batting: SHB Vicente Romero 0-0: Ball
1-0: Fly out, F7 (Flyball, 7LS, EV 81.2 MPH)
Batting: RHB Travis Murphy 0-0: Ball
1-0: Foul Ball, location: 2F
1-1: SINGLE (Groundball, 4MD, EV 97.5 MPH)
Augusto Reyes to second
Runner from 2nd tries for 3rd, SAFE, throw by CF made to third
Batting: RHB Wren Driscoll 0-0: Called Strike
0-1: Called Strike
0-2: Foul Ball, location: 2F
0-2: Ball
1-2: Foul Ball, location: 2F
1-2: Foul Ball, location: 2F
1-2: Foul Ball, location: 2F
1-2: Foul Ball, location: 2F
1-2: Strikes out swinging
Bottom of the 6th over - 0 runs, 2 hits, 0 errors, 2 left on base; Jersey City 3 - Baton Rouge 3
TOP OF THE 7TH
Jersey City Tritons batting - Pitching for Baton Rouge Brass : RHP José Rodríguez
Batting: LHB Justice Bigbie 0-0: Called Strike
0-1: Swinging Strike
0-2: Foul Ball, location: 2F
0-2: Ball
1-2: Strikes out swinging
Batting: RHB Santiago Valentín 0-0: Ball
1-0: Called Strike
1-1: Called Strike
1-2: Fly out, F7 (Flyball, 78M, EV 92.5 MPH)
Pitching: RHP Fernando Nava
Batting: LHB DeMarvion Overshown 0-0: Called Strike
0-1: Ground out 1-3 (Groundball, 13S, EV 66.2 MPH)
Top of the 7th over - 0 runs, 0 hits, 0 errors, 0 left on base; Jersey City 3 - Baton Rouge 3
BOTTOM OF THE 7TH
Baton Rouge Brass batting - Pitching for Jersey City Tritons : RHP Sean Jones
Pitching: LHP Cedric Zuercher
Batting: RHB Hal Phillips 0-0: Foul Ball, location: 2F
0-1: Ball
1-1: Ball
2-1: Foul Ball, location: 2F
2-2: Foul Ball, location: 2F
2-2: Ground out 4-3 (Groundball, 4M, EV 101.2 MPH)
Batting: RHB Nick Boyd 0-0: Ball
1-0: Foul Ball, location: 2F
1-1: Foul Ball, location: 2F
1-2: Foul Ball, location: 2F
1-2: Foul Ball, location: 2F
1-2: Foul Ball, location: 2F
1-2: Ball
2-2: SINGLE (Flyball, 89M, EV 96.9 MPH)
Pitching: LHP Adrián Padilla
Batting: LHB Dave Summers 0-0: Called Strike
0-1: Ball
1-1: Fly out, F7 (Flyball, 78M, EV 81.9 MPH)
Batting: LHB Weston Doyle 0-0: Swinging Strike
0-1: Foul Ball, location: 2F
0-2: Foul Ball, location: 2F
0-2: SINGLE (Groundball, 6D, EV 95.6 MPH)
Nick Boyd to second
Pinch Runner at 2nd Albert Seals:
Batting: RHB Jamy Geertsen 0-0: DOUBLE (Line Drive, 5D, EV 105.6 MPH)
Albert Seals scores
Weston Doyle to third
Runner from 3rd tries for Home, SAFE, throw by LF to trailing runner, SAFE at third!
Batting: LHB Augusto Reyes 0-0: Ball
1-0: Foul Ball, location: 2F
1-1: Foul Ball, location: 2F
1-2: Ground out 1-3 (Groundball, 34S, EV 80.6 MPH)
Bottom of the 7th over - 2 runs, 3 hits, 0 errors, 1 left on base; Jersey City 3 - Baton Rouge 5
TOP OF THE 8TH
Jersey City Tritons batting - Pitching for Baton Rouge Brass : RHP Fernando Nava
Now at 3B: Pancho Espinoza
Batting: RHB Xiao-yong Huang 0-0: Called Strike
0-1: Ball
1-1: Ball
2-1: Ball
3-1: SINGLE (Groundball, 2L, EV 73.8 MPH) (infield hit)
Batting: LHB Kevin Hancock 0-0: Called Strike
0-1: Ball
1-1: Called Strike
1-2: Foul Ball, location: 2F
1-2: Foul Ball, location: 2F
1-2: DOUBLE (Line Drive, 78D, EV 110.6 MPH)
Xiao-yong Huang to third
Pinch Hitting: LHB Steve Whitehead 0-0: Ball
1-0: Called Strike
1-1: Foul Ball, location: 2F
1-2: Foul Ball, location: 2F
1-2: Fly out, F6 (Popup, 56, EV 63.8 MPH)
Batting: LHB Jim Henson 0-0: Foul Ball, location: 2F
0-1: Swinging Strike
0-2: Foul Ball, location: 2F
0-2: Foul Ball, location: 2F
0-2: Ball
1-2: Foul Ball, location: 2F
1-2: Fly out, F7 (Flyball, 7S, EV 85.0 MPH)
Runner from 3rd tags up, SCORES, throw by LF
Kevin Hancock to third
Batting: RHB Víctor Bojórquez 0-0: Called Strike
0-1: Swinging Strike
0-2: Foul Ball, location: 2F
0-2: Foul Ball, location: 2F
0-2: Ground out 3-1 (Groundball, 34, EV 100.0 MPH)
Top of the 8th over - 1 run, 2 hits, 0 errors, 1 left on base; Jersey City 4 - Baton Rouge 5
BOTTOM OF THE 8TH
Baton Rouge Brass batting - Pitching for Jersey City Tritons : LHP Adrián Padilla
Now at SS: Steve Whitehead
Batting: SHB Vicente Romero 0-0: Foul Ball, location: 2F
0-1: SINGLE (Flyball, 7S, EV 88.1 MPH)
Batting: RHB Travis Murphy 0-0: Sac Bunt to 15S - play at first, batter OUT! 1-4
Vicente Romero to second
Batting: RHB Wren Driscoll 0-0: Called Strike
Vicente Romero steals 3rd base
0-1: Ball
1-1: Swinging Strike
1-2: SINGLE (Groundball, 6, EV 106.2 MPH) (infield hit)
Vicente Romero scores
Batting: RHB Hal Phillips 0-0: Foul Ball, location: 2F
0-1: SINGLE (Line Drive, 34, EV 104.4 MPH)
Wren Driscoll to second
Batting: RHB Pancho Espinoza 0-0: Ball
1-0: Ball
2-0: Swinging Strike
2-1: Foul Ball, location: 2F
2-2: Foul Ball, location: 2F
2-2: Grounds out, U3 (Groundball, 3L, EV 86.2 MPH)
Wren Driscoll to third
Batting: LHB Dave Summers 0-0: Ball
1-0: Ball
2-0: Ball
3-0: Base on Balls
Batting: LHB Weston Doyle 0-0: Called Strike
0-1: SINGLE (Groundball, 34D, EV 100.0 MPH)
Wren Driscoll scores
Hal Phillips to third
Dave Summers to second
Runner from 3rd tries for Home, throw by RF and OUT! 9-2
Bottom of the 8th over - 2 runs, 4 hits, 0 errors, 2 left on base; Jersey City 4 - Baton Rouge 7
TOP OF THE 9TH
Jersey City Tritons batting - Pitching for Baton Rouge Brass : RHP Fernando Nava
Batting: RHB Ricardo Quintanilla 0-0: Ball
1-0: Ball
2-0: Fly out, F8 (Flyball, 89S, EV 75.0 MPH)
Batting: LHB Justice Bigbie 0-0: Ball
1-0: Called Strike
1-1: Foul Ball, location: 2F
1-2: Ball
2-2: Ball
3-2: SINGLE (Groundball, 6D, EV 103.1 MPH)
Pitching: LHP Travis Hayes
Batting: RHB Santiago Valentín 0-0: Ball
1-0: SINGLE (Groundball, 56D, EV 94.4 MPH)
Justice Bigbie to second
Batting: LHB DeMarvion Overshown 0-0: Called Strike
0-1: Foul Ball, location: 2F
0-2: Ball
1-2: Strikes out swinging
Batting: RHB Xiao-yong Huang 0-0: Called Strike
0-1: Swinging Strike
0-2: Ball
1-2: Ground out 5-3 (Groundball, 5, EV 88.1 MPH)
Top of the 9th over - 0 runs, 2 hits, 0 errors, 2 left on base; Jersey City 4 - Baton Rouge 7
Friday, March 26th, 2021 - OOTP Baseball 20.8 Build 74